Map: Daybreak LE (Void)

Players

ByuN

  • Race: Terran Terran
  • Spawn Location: 7:00

Maru - Winner!

  • Race: Terran Terran
  • Spawn Location: 1:00

Event: IEM Season 11 - Gyeonggi

VOD

https://www.youtube.com/watch?v=hkm25F_tfK0

Description

Time

  • Played on: Dec. 14, 2016, 3:48 a.m.
  • Length: 6:49

All games in this series

Show
View Real Time Build Order
Export as new Build Order

ByuN Terran 

Build Orders: 1/1/1, Cyclone Opening 

Get SALT Encoding   

  12  0:00  SCV  
  13  0:12  SCV  
  14  0:17  Supply Depot  
  14  0:24  SCV  
  15  0:28  Refinery  
  15  0:39  SCV  
  16  0:45  Barracks  
  16  0:51  SCV  
  16  0:55  Refinery  
  17  1:03  SCV  
  18  1:15  SCV  
  19  1:31  Reaper  
  20  1:33  Factory  
  20  1:36  Orbital Command  
  20  1:48  Supply Depot  
  20  2:02  SCV  
  20  2:04  Barracks Tech Lab  
  21  2:15  SCV  
  22  2:17  Cyclone  
  25  2:23  Starport  
  25  2:27  SCV  
  26  2:34  Barracks Reactor  
  26  2:35  Supply Depot  
  26  2:39  SCV  
  26  2:56  SCV  
  29  2:59  Cloaking Field  
  29  3:01  Banshee  
  29  3:14  Marine x2  
  29  3:15  Widow Mine  
  30  3:21  SCV  
  31  3:34  Marine x2  
  33  3:41  Command Center  
  33  3:45  Raven  
  35  3:48  SCV  
  35  3:53  Supply Depot  
  36  3:58  Marine x2  
  36  4:02  Factory Tech Lab  
  38  4:05  SCV  
  39  4:17  Marine x2, SCV  
  42  4:25  Siege Tank  
  42  4:28  Viking  
  47  4:35  Supply Depot  
  47  4:53  SCV, Orbital Command  
  47  4:58  Siege Tank  
  51  5:05  SCV  
  52  5:08  Marine  
  53  5:17  SCV  
  53  5:20  Medivac  
  56  5:23  Medivac  
  56  5:28  Marine  
  59  5:29  SCV x2  
  59  5:32  Barracks x2  
  59  5:33  Refinery  
  61  5:36  Supply Depot  
  61  5:41  SCV x2  
  63  5:44  Engineering Bay  
  63  5:48  Marine  
  64  5:53  SCV x2  
  66  6:05  SCV x2  
  66  6:06  Marine  
  66  6:07  Starport Reactor  
  66  6:10  Supply Depot  
  69  6:17  SCV x2  
  65  6:20  Marine  
  65  6:24  Marine  
  65  6:25  Marine  
  68  6:29  SCV x2  
Show
View Real Time Build Order
Export as new Build Order

Maru Terran - Winner!

Build Orders: 1/1/1, Cyclone Opening 

Get SALT Encoding   

  12  0:00  SCV  
  13  0:12  SCV  
  14  0:17  Supply Depot  
  14  0:24  SCV  
  15  0:29  Refinery  
  15  0:39  SCV  
  16  0:45  Barracks  
  16  0:51  SCV  
  16  0:56  Refinery  
  17  1:03  SCV  
  18  1:15  SCV  
  19  1:31  Orbital Command  
  19  1:32  Reaper  
  20  1:35  Factory  
  20  1:45  Supply Depot  
  20  1:57  SCV  
  21  2:04  Reaper  
  22  2:09  SCV  
  23  2:19  Cyclone  
  23  2:21  SCV  
  27  2:23  Starport  
  27  2:33  SCV  
  27  2:35  Supply Depot  
  28  2:37  Barracks Tech Lab  
  28  2:45  SCV  
  29  2:57  SCV  
  29  2:59  Viking  
  31  3:10  SCV  
  31  3:23  Barracks Reactor  
  31  3:24  SCV, Command Center  
  32  3:35  Raven  
  32  3:36  Factory Tech Lab  
  32  3:39  SCV  
  35  3:42  Supply Depot  
  35  3:51  SCV  
  36  3:57  Siege Tank  
  39  4:03  Marine x2, SCV  
  42  4:15  SCV  
  43  4:28  SCV  
  43  4:29  Refinery  
  43  4:31  Viking x2  
  47  4:40  Marine, SCV  
  47  4:42  Orbital Command  
  49  4:49  Siege Tank  
  49  4:52  SCV  
  53  4:55  Supply Depot  
  53  5:01  Marine  
  53  5:03  Viking  
  53  5:04  SCV  
  57  5:08  Viking  
  57  5:10  SCV  
  60  5:17  Supply Depot  
  60  5:19  SCV  
  61  5:22  Engineering Bay  
  61  5:24  SCV  
  62  5:31  SCV  
  62  5:34  Siege Tank  
  66  5:36  SCV  
  66  5:40  Viking  
  69  5:45  SCV  
  69  5:47  Supply Depot  
  70  5:51  Missile Turret  
  70  5:52  Missile Turret  
  70  6:05  SCV  
  70  6:07  Marine, Supply Depot  
  72  6:15  SCV  
  73  6:28  SCV  
  73  6:35  SCV  

Tags
 
Add a new tag
Caveats
  • Supply blocks, unpowered buildings, or Contaminate may cause inaccurate times.
  • Supply counts are checked every 10 seconds.